 Dungeon Crawl Stone Soup version 0.21.1-1-g345015f (webtiles) character file.

918 suicidejoker the Archer (level 8, 0/50 HPs)
             Began as an Octopode Hunter on May 1, 2018.
             Was an Initiate of Gozag.
             Shot with an arrow by a centaur (9 damage)
             ... on level 8 of the Dungeon.
             The game lasted 00:14:32 (5003 turns).

suicidejoker the Archer (Octopode Hunter)           Turns: 5003, Time: 00:14:33

Health: 0/50       AC:  1    Str: 13    XL:     8   Next: 9%
Magic:  8/8        EV: 13    Int: 14    God:    Gozag
Gold:   341        SH:  0    Dex: 12    Spells: 7/7 levels left

rFire    . . .     SeeInvis .   b - +0 short sword
rCold    . . .     Gourm    .   (no shield)
rNeg     . . .     Faith    .   (helmet restricted)
rPois    +         Spirit   .   (no amulet)
rElec    .         Reflect  .   r - ring of poison resistance
rCorr    .         Harm     .   (no ring)
MR       .....                  (no ring)
Stlth    +++.......             (no ring)
HPRegen  0.16/turn              (no ring)
MPRegen  0.11/turn              (no ring)
                                (no ring)
                                (no ring)

@: no status effects
A: almost no armour, stealthy swim, amphibious, 8 rings, constrict 8, camouflage
1, gelatinous body 1
a: Potion Petition, Call Merchant, Bribe Branch, Renounce Religion


You were on level 8 of the Dungeon.
You worshipped Gozag.
Gozag was aware of your devotion.
You were not hungry.

You visited 1 branch of the dungeon, and saw 8 of its levels.

You collected 366 gold pieces.
You paid 25 gold pieces to Gozag.

Inventory:

Hand Weapons
 a - a +1 shortbow
 b - a +0 short sword (weapon)
 u - a +0 shortbow
Missiles
 e - 64 sling bullets
 h - 15 bolts
 i - 83 stones (quivered)
 k - 8 tomahawks
 q - 19 arrows
Jewellery
 l - an uncursed ring of ice {unknown}
 r - a ring of poison resistance (left tentacle)
Wands
 s - a wand of enslavement (4)
 t - a wand of flame (10)
Scrolls
 c - a scroll of amnesia
 f - 2 scrolls of remove curse
 g - a scroll of identify
 m - a scroll of teleportation
Potions
 j - 2 potions of curing
 n - a potion of lignification
 o - a potion of agility
 p - a potion of cancellation {unknown}
Comestibles
 d - 5 rations


   Skills:
 - Level 2.0 Fighting
 + Level 9.9 Bows
 - Level 2.0 Dodging
 - Level 1.3 Stealth


You had 7 spell levels left.
You didn't know any spells.

Dungeon Overview and Level Annotations

Branches:
Dungeon (8/15)
 Temple: D:4-7         Lair: D:8-11

Altars:
Cheibriados
Gozag
Hepliaklqana
Vehumet
Xom
Zin

Shops:
D:5 *


Innate Abilities, Weirdness & Mutations

You cannot wear most types of armour.
You are very stealthy in the water. (Stealth+)
You are amphibious.
You can wear up to eight rings at the same time.
You can use your tentacles to constrict eight enemies at once.
Your skin changes colour to match your surroundings (Stealth+).
Your rubbery body absorbs attacks. (AC +1, EV +1)


Message History

The centaur is moderately wounded.
Evoke which item? (* to show all) (? for menu, Esc to quit)
Aiming: Throw Flame
Press: ? - help, Shift-Dir - straight line, f/p - centaur
Aim: a centaur (moderately wounded)
The puff of flame hits the centaur.
The centaur is heavily wounded.
The centaur wields a shortbow.
The centaur shoots an arrow.
The arrow completely misses you.
Evoke which item? (* to show all) (? for menu, Esc to quit)
Aiming: Throw Flame
Press: ? - help, Shift-Dir - straight line, f/p - centaur
Aim: a centaur, wielding a shortbow (heavily wounded)
The puff of flame hits the centaur.
The centaur is severely wounded.
The centaur shoots an arrow.
The arrow hits you!!
* * * LOW HITPOINT WARNING * * *
The centaur shoots an arrow.
The arrow hits you!
You die...
Your body crumbles into a pile of gold.

#..# #..# #..# #..#
##..# ###...#
####.....####.<
#...c.@....(..#
.........#####.....##
........## ....##
...#Z..## ...## #.
#..# ..## #Z. .## #..
## ?..


You could see a centaur.

Vanquished Creatures
  A centaur (D:8)
  2 bullfrogs
  A scorpion (D:4)
  2 crimson imps
  A howler monkey (D:4)
  A bullfrog zombie (D:5)
  An orc priest (D:3)
  A jelly (D:5)
  An iguana (D:4)
  2 orc wizards (D:3)
  2 worker ants
  A killer bee zombie (D:5)
  6 gnolls
  2 adders
  A shadow imp (D:7)
  An ooze (D:1)
  An adder skeleton (D:5)
  5 worms
  2 dart slugs
  2 leopard geckos
  3 orcs (D:3)
  A bat (D:2)
  2 giant cockroaches
  5 goblins
  3 hobgoblins
  5 jackals (D:2)
  2 ball pythons (D:1)
  4 frilled lizards
  12 kobolds
  6 rats
79 creatures vanquished.

Vanquished Creatures (collateral kills)
  A hungry ghost (D:8)
  A big kobold (D:8)
  A crimson imp (D:7)
  An iguana (D:7)
  2 kobolds (D:8)
6 creatures vanquished.

Vanquished Creatures (others)
  A wyvern skeleton (D:7)
1 creature vanquished.

Grand Total: 86 creatures vanquished

Notes
Turn   | Place    | Note
-------+----------+-------------------------------------------
     0 | D:1      | suicidejoker the Octopode Hunter began the quest for the Orb.
     0 | D:1      | Reached XP level 1. HP: 14/14 MP: 1/1
    79 | D:1      | Reached XP level 2. HP: 16/19 MP: 2/2
   855 | D:2      | Reached XP level 3. HP: 24/24 MP: 3/3
   880 | D:2      | Reached skill level 5 in Bows
  1689 | D:2      | Found an opulent altar of Gozag.
  1723 | D:2      | Became a worshipper of Gozag Ym Sagoz the Greedy
  1877 | D:2      | Reached XP level 4. HP: 29/29 MP: 4/4
  2430 | D:3      | Reached skill level 6 in Bows
  2504 | D:3      | Reached XP level 5. HP: 26/34 MP: 5/5
  2598 | D:3      | HP: 1/34 [orc wizard/dagger (5)]
  2663 | D:4      | Reached skill level 7 in Bows
  2669 | D:4      | Reached XP level 6. HP: 20/39 MP: 6/6
  2695 | D:5      | Entered Level 5 of the Dungeon
  3273 | D:5      | Found Zin's Purification Station.
  3274 | D:5      | Found a glowing silver altar of Zin.
  3707 | D:5      | Found a snail-covered altar of Cheibriados.
  3755 | D:5      | Found a radiant altar of Vehumet.
  3760 | D:5      | Reached skill level 8 in Bows
  3976 | D:5      | Reached XP level 7. HP: 42/45 MP: 7/7
  4003 | D:5      | Found a hazy altar of Hepliaklqana.
  4004 | D:5      | Found a shimmering altar of Xom.
  4004 | D:5      | Noticed a tentacled monstrosity
  4005 | D:5      | Noticed a spectral ugly thing
  4005 | D:5      | Noticed a tentacled monstrosity
  4786 | D:7      | Reached skill level 9 in Bows
  4804 | D:8      | HP: 2/45 [bullfrog (4)]
  4812 | D:8      | Noticed a hippogriff
  4817 | D:8      | Noticed a hungry ghost
  4854 | D:8      | Killed a hungry ghost
  4932 | D:8      | Reached XP level 8. HP: 15/50 MP: 8/8
  5003 | D:8      | Shot with an arrow by a centaur

Skill      XL: |  1  2  3  4  5  6  7 |
---------------+----------------------+-----
Bows           | 5 6 7 8 9 |  9.9
Fighting       | |  2.0
Dodging        | |  2.0
Stealth        | |  1.3

Action                   |  1- 3 |  4- 6 |  7- 9 || total
-------------------------+-------+-------+-------++-------
Melee: Short sword       |     9 |    68 |    50 ||   127
       Constrict         |     3 |    15 |    10 ||    28
       Tentacles         |     2 |    17 |    12 ||    31
 Fire: Shortbow          |    99 |    24 |       ||   123
Throw: Stone             |     5 |     8 |       ||    13
Invok: Potion Petition   |       |     1 |       ||     1
Evoke: Wand              |       |    15 |    15 ||    30
  Use: Potion            |     1 |     5 |     2 ||     8
       Scroll            |       |     5 |     5 ||    10
 Stab: Sleeping          |       |     3 |     3 ||     6
  Eat: Chunk             |     2 |       |       ||     2
       Ration            |       |     2 |     1 ||     3
Armor: Skin              |     3 |     1 |     2 ||     6
Dodge: Dodged            |    10 |    56 |    40 ||   106
